 Dungeon Crawl Stone Soup version 0.31.0-12-g77e489cdc1 (webtiles) character file.

Game seed: 15454773553791164351

4384 Killerpretzel the Mimic (level 10, -24/69 HPs)
             Began as an Octopode Shapeshifter on Feb 21, 2024.
             Was an Initiate of Vehumet.
             Killed from afar by a shock serpent (glowing shapeshifter) (29 damage)
             ... with a bolt of electricity
             ... on level 1 of the Abyss.
             The game lasted 00:25:15 (8492 turns).

Killerpretzel the Mimic (Octopode Shapeshifter)     Turns: 8492, Time: 00:25:15

Health: -24/69     AC:  1    Str: 13    XL:     10   Next: 35%
Magic:  10/10      EV: 23    Int: 18    God:    Vehumet [......]
Gold:   475        SH:  5    Dex: 23    Spells: 6/9 levels left

rFire   . .          .
                       - Unarmed
rCold   . . .        (no shield)
rNeg    . . .        (helmet currently unavailable)
rPois   .            p - amulet of reflection
rElec   .            d - +5 ring of evasion
rCorr   .            m - +6 ring of dexterity
SInv    +            n - ring of see invisible
Will    .....        v - +6 ring of intelligence
Stlth   +++          (no ring)
HPRegen 0.31/turn    (no ring)
MPRegen 0.12/turn    (no ring)
                     (no ring)

%: reflection
@: beast-form, hasted, very quick
A: beast (slay +4), almost no armour, amphibious, 8 rings, camouflage 1,
gelatinous body 1, (nimble swimmer 1), tentacles
a: Begin Untransformation, Renounce Religion


You were on level 1 of the Abyss.
You worshipped Vehumet.
Vehumet was noncommittal.
You were a hulking beast.
You visited 2 branches of the dungeon, and saw 10 of its levels.
You visited the Abyss 1 time.

You collected 475 gold pieces.

Inventory:

Hand Weapons
 r - a +1 dagger of distortion
Missiles
 l - 2 boomerangs (quivered)
 w - a throwing net
Jewellery
 d - a +5 ring of evasion (left tentacle)
 m - a +6 ring of dexterity (right tentacle)
 n - a ring of see invisible (on tentacle)
 p - an amulet of reflection (around mantle)
 v - a +6 ring of intelligence (on tentacle)
Talismans
 b - a beast talisman
 c - a flux talisman
 f - a maw talisman
 i - a blade talisman
Wands
 a - a wand of charming (11)
 k - a wand of mindburst (12)
 y - a wand of flame (23)
 z - a wand of digging (3)
Scrolls
 o - a scroll of poison
 s - a scroll of blinking
 u - a scroll of enchant weapon
Potions
 e - a potion of attraction
 h - 2 potions of haste
 j - a potion of lignification
 q - 2 potions of curing
 t - a potion of mutation {unknown}


   Skills:
 + Level 6.4 Fighting
 + Level 6.7 Dodging
 + Level 7.1 Unarmed Combat
 + Level 3.3 Translocations
 * Level 8.9 Shapeshifting


You had 6 spell levels left.
You knew the following spells:

 Your Spells              Type           Power      Damage    Failure   Level
a - Teleport Other        Tloc           12%        N/A       17%         3

Your spell library contained the following spells:

 Spells                   Type           Power      Damage    Failure   Level
 Gell's Gravitas          Tloc           12%        N/A       17%         3
 Shock                    Conj/Air       0%         1d3       22%         1
 Cigotuvi's Dreadful Rot  Necr/Alch/Air  0%         N/A       32%         2
 Ensorcelled Hibernation  Hex/Ice        0%         N/A       32%         2
 Sublimation of Blood     Necr           0%         N/A       32%         2
 Passwall                 Erth           0%         N/A       54%         3
 Swiftness                Air            0%         N/A       54%         3
 Airstrike                Air            0%         2d(0-16)  91%         4
 Brom's Barrelling Bould  Conj/Erth      0%         2d3       91%         4
 Dispel Undead            Necr           0%         3d6       91%         4
 Martyr's Knell           Necr/Summ      0%         N/A       91%         4
 Petrify                  Alch/Erth      0%         N/A       91%         4
 Fireball                 Conj/Fire      0%         3d3       99%         5
 Irradiate                Conj/Alch      0%         3d11      99%         5
 Iskenderun's Battlesphe  Conj           0%         2d6       99%         5
 Conjure Ball Lightning   Conj/Air       0%         3x3d6     100%        6
 Death Channel            Necr           0%         N/A       100%        6
 Dispersal                Tloc           6%         N/A       100%        6
 Orb of Destruction       Conj           0%         9d5       100%        7


Dungeon Overview and Level Annotations

Branches:
Dungeon (9/15)             Temple (1/1) D:4            Lair (0/5) D:8
    Orc: D:9-12

Altars:
Ashenzari
Cheibriados
Dithmenos
Elyvilon
Fedhas
Gozag
Hepliaklqana
Kikubaaqudgha
Nemelex Xobeh
Okawaru
Qazlal
Ru
Sif Muna
Trog
Uskayaw
Vehumet
Wu Jian
Xom
Yredelemnul
Zin
The Shining One

Shops:
D:3 (

Annotations:
D:7 1 runed translucent door, exclusion: door
D:8 exclusions: steam dragon and two-headed ogre
D:9 exclusion: upstairs, Erolcha


Innate Abilities, Weirdness & Mutations

You are a hulking beast.
Your limbs bulge with bestial killing power. (Slay +4)
You cannot wear most types of armour.
You are amphibious.
You can wear up to eight rings at the same time.
Your skin changes colour to match your surroundings (Stealth+).
Your rubbery body absorbs attacks. (AC +1, EV +1)
((You are camouflaged when in or above water. (Stealth+)))
You have tentacles for arms and can constrict up to eight enemies at once.


Message History

You completely miss the merfolk. You squeeze the merfolk.
The merfolk is moderately wounded.
You constrict the merfolk.
The merfolk hits you but does no damage.
You tentacle-slap the merfolk but do no damage.
The merfolk is heavily wounded.
You constrict the merfolk.
You lose your grip on the salamander.
The merfolk changes into a salamander!
You bludgeon the salamander! Your grab misses the salamander.
The salamander is lightly wounded.
A starcursed mass splits.
A chorus of shrieks assaults your mind.
You tentacle-slap the salamander. You grab the salamander.
The salamander is lightly wounded.
You constrict the salamander. The salamander hits you.
* * * LOW HITPOINT WARNING * * *
You are engulfed in flames!
* * * LOW HITPOINT WARNING * * *
Okay, then.
Blink to where?
Press: ? - help, Dir - move target, f - starcursed mass
Aim: a starcursed mass
Okay, then.
Okay, then.
Aiming: Dig
Press: ? - help, Shift-Dir - straight line, f - you Please select a direction to dig.
Okay, then.
You release your grip on the salamander.
The salamander changes into a slime creature!
A starcursed mass splits.
You open the door.
A starcursed mass splits.
There is an open door here.
The slime creature attacks as it pursues you!
The slime creature closely misses you.
You feel yourself speed up.
The slime creature changes into a shock serpent!
The shock serpent shoots out a bolt of lightning at you!
The bolt of electricity hits you!!
You die...

+##+##+
#.....#
#.....#
+..⌠..+
#...h.#
#.....##
+##+##S#
###
#.#.#
... #
#J### ..
. ###
#X#.#...
##+ ##.
##'##. .
. #..
#X# #. #
..# #
###X#..#


You could see a shock serpent shaped shifter.

Vanquished Creatures
  Sigmund (D:5)
  5 yaks
  A water moccasin (D:6)
  3 orc warriors
  An ice beast (D:6)
  2 sky beasts (D:7)
  2 black bears (D:6)
  2 wolves (D:8)
  2 ogres (D:6)
  A centaur (D:5)
  A phantom (D:4)
  4 kobold brigands
  3 bullfrogs
  3 scorpions
  5 wights (D:8)
  5 killer bees (D:8)
  2 bombardier beetles
  A jelly (D:7)
  2 hounds
  9 orc priests
  A gnoll bouda (D:7)
  4 sleepcaps
  4 iguanas
  6 orc wizards
  Robin (D:2)
  3 gnolls (D:7)
  5 adders
  2 ufetubi (D:7)
  A ribbon worm (D:5)
  2 dart slugs
  27 orcs
  7 endoplasms
  A giant cockroach (D:1)
  12 goblins
  7 hobgoblins
  8 jackals
  22 kobolds
  A quokka (D:4)
  5 ball pythons
  3 bats
  A frilled lizard (D:3)
  6 rats
184 creatures vanquished.

Notes
Turn   | Place    | Note
-------+----------+-------------------------------------------
     0 | D:1      | Killerpretzel the Octopode Shapeshifter began the quest for
                  | the Orb.
     0 | D:1      | Reached XP level 1. HP: 13/13 MP: 1/1
   120 | D:1      | Reached XP level 2. HP: 15/18 MP: 2/2
   967 | D:2      | Reached XP level 3. HP: 17/23 MP: 3/3
  1272 | D:2      | Noticed Robin
  1287 | D:2      | Killed Robin
  1288 | D:2      | Reached XP level 4. HP: 29/29 MP: 4/4
  1435 | D:3      | Found a faded altar of an unknown god.
  1670 | D:3      | Found Jutonnawn's Antique Weapon Shop.
  1921 | D:3      | Reached skill level 4 in Shapeshifting
  1921 | D:3      | Reached XP level 5. HP: 34/34 MP: 5/5
  2267 | D:4      | Noticed a phantom
  2271 | D:4      | Killed a phantom
  2272 | D:4      | Reached XP level 6. HP: 41/41 MP: 6/6
  2418 | D:4      | Found a staircase to the Ecumenical Temple.
  2438 | Temple   | Entered the Ecumenical Temple
  2712 | D:4      | Found a hide-covered altar of Uskayaw.
  2712 | D:4      | Found a shimmering blue altar of Sif Muna.
  2786 | D:4      | Found a stormy altar of Qazlal.
  2841 | D:4      | Got Vular's Compendium of Power
  3066 | D:5      | Entered Level 5 of the Dungeon
  3170 | D:5      | Reached skill level 5 in Shapeshifting
  3170 | D:5      | Reached XP level 7. HP: 45/46 MP: 7/7
  3322 | D:5      | Noticed Sigmund
  3331 | D:5      | Killed Sigmund
  3687 | D:5      | Reached XP level 8. HP: 44/54 MP: 8/8
  3957 | D:6      | Reached skill level 5 in Unarmed Combat
  3957 | D:6      | Reached skill level 6 in Shapeshifting
  4301 | D:6      | Reached skill level 5 in Dodging
  4909 | D:6      | Reached skill level 7 in Shapeshifting
  4909 | D:6      | Reached XP level 9. HP: 59/60 MP: 9/9
  4954 | D:6      | Reached skill level 5 in Fighting
  5636 | D:7      | Learned a level 3 spell: Teleport Other
  6093 | D:7      | Reached skill level 1 in Translocations
  6241 | D:7      | Found a runed translucent door.
  6913 | D:8      | Reached skill level 8 in Shapeshifting
  7282 | D:7      | Reached XP level 10. HP: 43/68 MP: 10/10
  7883 | D:8      | Found a radiant altar of Vehumet.
  7891 | D:8      | Became a worshipper of Vehumet
  7892 | D:8      | Noticed a two-headed ogre
  8032 | D:8      | Found a staircase to the Lair.
  8415 | D:9      | Noticed Erolcha
  8416 | Abyss:1  | Cast into level 1 of the Abyss (Erolcha)
  8467 | Abyss:1  | Noticed a deep troll
  8467 | Abyss:1  | a deep troll changed into a spriggan
  8467 | Abyss:1  | Noticed a starcursed mass
  8471 | Abyss:1  | Noticed a black mamba
  8476 | Abyss:1  | a black mamba changed into an eye of devastation
  8476 | Abyss:1  | Noticed an eye of devastation (glowing shapeshifter)
  8477 | Abyss:1  | an eye of devastation changed into a merfolk
  8483 | Abyss:1  | a merfolk changed into a salamander
  8483 | Abyss:1  | Noticed a salamander (glowing shapeshifter)
  8485 | Abyss:1  | HP: 3/69 [salamander (glowing shapeshifter) (11)]
  8486 | Abyss:1  | a salamander changed into a slime creature
  8491 | Abyss:1  | a slime creature changed into a shock serpent
  8491 | Abyss:1  | Noticed a shock serpent (glowing shapeshifter)
  8492 | Abyss:1  | Killed from afar by a shock serpent (glowing shapeshifter)

Illustrated notes

Levels and vault maps discovered:
D:1:      ncdulo_halloftheorcs, layout_loops_ring
D:2:      layout_basic, chequers_serial_rivers_small_b, guppyfry_early_orc_mine,
          uniq_robin
D:3:      layout_loops_ring, basic_ecumenical_altar, serial_shops, shop,
          chequers_serial_rivers_small_3
D:4:      layout_basic, mainiacjoe_overflow_alcove_2,
          mainiacjoe_overflow_divided_tiny, minmay_temple_entry_butterflies
D:5:      layout_loops_ring, uniq_sigmund
D:6:      layout_cave_pools, st_stairs_1
D:7:      layout_gridville, lightli_church_of_beogh
D:8:      minmay_inner_zag, layout_rooms, mainiacjoe_overflow_cross_hatched,
          erik_lair_orcish_takeover, corexii_hall_statues_x, kennysheep_donut,
          abandoned_shop, serial_park_tiny_1
D:9:      layout_roguey, gammafunk_ghost_smash, enter_bailey_2, uniq_maurice,
          uniq_erolcha
Temple:   minmay_crystal_spiral_temple
Abyss:1:  base: Bailey, hangedman_decor_lopped

Skill      XL: |  1  2  3  4  5  6  7  8  9 10 |
---------------+-------------------------------+-----
Fighting       | 2 3 4 6 |  6.4
Shapeshifting  | 4 5 7 8 |  8.9
Dodging        | 3 4 5 6 |  6.7
Unarmed Combat | 4 5 6 7 |  7.1
Translocations | 2 3 |  3.3

Action                     |  1- 3 |  4- 6 |  7- 9 | 10-12 || total
---------------------------+-------+-------+-------+-------++-------
  Melee: Unarmed           |    68 |    93 |   257 |    78 ||   496
         Constrict         |    13 |    30 |    56 |    20 ||   119
         Tentacles         |    13 |    27 |    62 |    26 ||   128
         Punch             |     2 |     1 |    23 |     5 ||    31
    Use: Scroll            |     1 |     3 |     9 |     2 ||    15
         Potion            |     1 |     1 |     4 |     2 ||     8
   Stab: Sleeping          |     6 |     4 |     1 |       ||    11
         Distracted        |       |       |     1 |       ||     1
 Armour: Skin              |    33 |    19 |    99 |    19 ||   170
  Dodge: Dodged            |    28 |    68 |   159 |    50 ||   305
  Block: Other             |       |       |    15 |     4 ||    19
